Map: Abyssal Reef LE

Players

ErebusBlack - Winner!

  • Race: Zerg Zerg
  • League: Platinum
  • Spawn Location: 5:00

Ice

  • Race: Protoss Protoss
  • League: Diamond
  • Spawn Location: 11:00

VOD

Have the link to the VOD?

Description

Time

  • Played on: Dec. 25, 2017, 7:24 p.m.
  • Length: 4:18
Show
View Real Time Build Order
Export as new Build Order

ErebusBlack Zerg - Winner!

Build Orders: Hatch First 

Get SALT Encoding   

  12  0:01  Drone  
  13  0:08  Drone  
  14  0:14  Extractor  
  14  0:17  Drone  
  15  0:40  Hatchery  
  14  0:46  Extractor  
  14  0:47  Drone  
  14  1:02  Spawning Pool  
  13  1:07  Drone  
  14  1:15  Overlord  
  14  1:26  Overlord  
  14  1:49  Zergling x6  
  17  1:55  Metabolic Boost  
  17  1:57  Zergling x2  
  19  2:01  Zergling x2  
  19  2:10  Spore Crawler  
  18  2:28  Zergling x2  
  18  2:29  Queen  
  19  2:31  Zergling x2  
  19  2:35  Zergling x2  
  22  2:49  Zergling x6  
  25  2:52  Zergling x2  
  25  3:19  Zergling x10  
  30  3:34  Zergling x6  
  32  3:59  Zergling x6  
Show
View Real Time Build Order
Export as new Build Order

Ice Protoss 

Build Orders: 1 Gate Expand 

Get SALT Encoding   

  12  0:05  Probe  
  13  0:17  Probe  
  13  0:18  Pylon  
  14  0:29  Probe (Chrono Boost)  
  15  0:36  Gateway  
  15  0:41  Probe (Chrono Boost)  
  16  0:44  Assimilator  
  16  0:48  Probe (Chrono Boost)  
  17  0:55  Probe (Chrono Boost)  
  18  1:07  Probe (Chrono Boost)  
  19  1:15  Probe (Chrono Boost)  
  20  1:31  Nexus  
  20  1:39  Cybernetics Core  
  20  1:40  Probe  
  21  1:48  Pylon  
  21  1:53  Probe  
  22  1:59  Assimilator  
  22  2:05  Probe  
  23  2:15  Adept (Chrono Boost)  
  25  2:36  Stargate  
  25  2:50  Adept (Chrono Boost)  
  26  3:05  Gateway  
  26  3:06  Pylon  
  26  3:09  Pylon  
  26  3:19  Adept (Chrono Boost)  
  26  3:26  Shield Battery  
  28  3:35  Gateway x2  
  28  3:38  Twilight Council  
  28  3:39  Shield Battery  
  28  3:46  Adept  
Tags
 
Add a new tag
Caveats
  • Supply blocks, unpowered buildings, or Contaminate may cause inaccurate times.
  • Supply counts are checked every 10 seconds.